 Dungeon Crawl Stone Soup version 0.29-a0-1-gf2d273c862 (webtiles) character file.

Game seed: 4507449015001553370

12952 kazpex the Grappler (level 11, 0/113 HPs)
             Began as a Troll Berserker on Jan 25, 2022.
             Was an Elder of Trog.
             Slain by a yak (13 damage)
             ... on level 12 of the Dungeon.
             The game lasted 01:17:00 (11066 turns).

kazpex the Grappler (Troll Berserker)              Turns: 11066, Time: 01:17:01

Health: 0/113      AC: 14    Str: 33    XL:     11   Next: 69%
Magic:  10/10      EV: 28    Int:  3    God:    Trog [****..]
Gold:   236        SH:  0    Dex: 13    Spells: 10/10 levels left

rFire   . . .      SeeInvis +     - Unarmed
rCold   . . .      Faith    .   (no shield)
rNeg    + . .      Spirit   .   D - +4 steam dragon scales
rPois   .          Reflect  .   O - +2 hat {SInv}
rElec   .          Harm     .   y - +0 cloak
rCorr   .          Rampage  .   (gloves unavailable)
Will    .....                   (boots unavailable)
Stlth   ++........              c - amulet of the acrobat
HPRegen 1.08/turn               x - ring of positive energy
MPRegen 0.12/turn               L - +6 ring of strength

@: on berserk cooldown, acrobatic
A: large, unfitting armour, claws 3, regeneration 1, shaggy fur 1, tough skin 1
a: Renounce Religion, Berserk, Trog's Hand, Brothers in Arms


You were on level 12 of the Dungeon.
You worshipped Trog.
Trog was greatly pleased with you.
You visited 2 branches of the dungeon, and saw 13 of its levels.

You collected 502 gold pieces.
You spent 266 gold pieces at shops.

Inventory:

Hand Weapons
 o - a +4 dagger of electrocution
 C - a +5 mace of freezing
 M - a +2 short sword of venom
Missiles
 b - 424 stones (quivered)
 t - 8 boomerangs
 z - 14 poisoned darts
 F - 6 curare-tipped darts
Armour
 g - a +1 robe of positive energy
 y - a +0 cloak (worn)
 D - +4 steam dragon scales (worn)
 I - a +2 robe of cold resistance
 O - a +2 hat of see invisible (worn)
Jewellery
 c - an amulet of the acrobat (around neck)
 x - a ring of positive energy (left claw)
 H - a ring of ice
 L - a +6 ring of strength (right claw)
Wands
 a - a wand of acid (9)
 v - a wand of charming (5)
 w - a wand of paralysis (17)
 A - a wand of flame (21)
 N - a wand of iceblast (4)
Scrolls
 e - 2 scrolls of vulnerability
 f - 3 scrolls of fog
 h - 4 scrolls of blinking
 i - a scroll of enchant weapon {unknown}
 k - a scroll of teleportation
 l - a scroll of acquirement {unknown}
 n - 2 scrolls of fear {unknown}
 q - 2 scrolls of brand weapon {unknown}
 E - 2 scrolls of immolation
 K - a scroll of torment {unknown}
Potions
 d - 7 potions of lignification
 j - 2 potions of haste {unknown}
 m - a potion of heal wounds {unknown}
 p - a potion of might
 r - 3 potions of flight
 s - 3 potions of curing
 u - 4 potions of berserk rage {unknown}
 G - 2 potions of attraction {unknown}
 J - a potion of ambrosia {unknown}


   Skills:
 + Level 8.3 Fighting
 + Level 7.4 Throwing
 + Level 8.6 Dodging
 - Level 0.9 Stealth
 + Level 10.8 Unarmed Combat


You had 10 spell levels left.
You didn't know any spells.
Your spell library was empty.

Dungeon Overview and Level Annotations

Branches:
Dungeon (12/15)            Temple (1/1) D:5            Lair (0/6) D:10
    Orc: D:9-12

Altars:
Ashenzari
Cheibriados
Dithmenos
Elyvilon
Fedhas
Gozag
Hepliaklqana
Kikubaaqudgha
Makhleb
Nemelex Xobeh
Okawaru
Qazlal
Ru
Sif Muna
Trog
Uskayaw
Vehumet
Wu Jian
Xom
Yredelemnul
Zin
The Shining One
Beogh

Shops:
D:1 ?   D:5 *   D:9 (   D:10 **


Innate Abilities, Weirdness & Mutations

You are too large for most types of armour.
You have claws for hands.
Your natural rate of healing is unusually fast.
You are covered in fur. (AC +1)
You have tough skin. (AC +1)


Message History

Your skin crawls.
You feel strong-willed.
You are engulfed in dark miasma.
You are more poisoned.
You feel extremely sick. The orc hits you but does no damage.
The orc warrior hits you from afar with a +0 glaive!
* * * LOW HITPOINT WARNING * * *
You feel extremely sick.
Items here: )) [[ รท.
You feel very sick.
The orc dies!
The orc shouts loudly.
Things that are here:
a +0 dire flail; a +0 plate armour of poison resistance; an orc skeleton You feel very sick.
As you read the scroll of teleportation, it crumbles to dust.
You feel strangely unstable.
You feel the effects of Trog's Hand fading.
You feel very sick.
You feel very sick.
You feel sick.
The orc warrior looks more healthy.
The orc warrior misses you.
Your surroundings suddenly seem different. 6 yaks come into view.
Your skin stops crawling.
You feel less strong-willed.
You feel sick.
The yak bellows! x4
You feel better.
The yak bellows!
The yak completely misses you. The yak gores you!
* * * LOW HITPOINT WARNING * * *
The yak misses you. The yak gores you but does no damage.
You feel yourself speed up.
You open the door. The yak gores you.
* * * LOW HITPOINT WARNING * * *
The yak misses you. The yak gores you!
* * * LOW HITPOINT WARNING * * *
The yak gores you!
You die...

#.# #.# .. #.#
...######### #.#
...........# #.#
..........# #.#
#........# #.#
#.......Y######
#.#
+......YY@....#
#.#
#.....Y.Y####.#
#.# #.......Y#
#.# #.#
########## #.#
#.# ### #.# #.#
#.#####.######.#
#.#.......<....#
#
#.#.###.########
#. #.#.#.....#


You could see 6 yaks.

Vanquished Creatures
  Gastronok (D:11)
  Fannar (D:10)
  A boulder beetle (D:9)
  The ghost of mfcas the Eclecticist, a journeyman DjCj of Makhleb (D:12)
  A hydra (D:11)
  Sonja (D:11)
  A manticore (D:8)
  5 centaur zombies
  A kobold demonologist (D:12)
  A komodo dragon (D:11)
  3 trolls
  A vampire (D:11)
  6 wyverns
  2 wraiths (D:10)
  4 yaks (D:10)
  2 basilisks
  2 steam dragons (D:7)
  Edmund (D:6)
  A warg (D:12)
  5 water moccasins
  3 ice beasts
  3 orc warriors (D:12)
  A black bear (D:6)
  2 ogres
  2 centaurs
  3 kobold brigands
  2 bullfrogs
  A wyvern zombie (D:5)
  Blork the orc (D:6)
  A scorpion (D:10)
  7 killer bees
  2 howler monkeys
  14 wights
  3 hounds
  2 orc priests
  A gnoll shaman (D:6)
  3 iguanas
  9 orc wizards
  A hound zombie (D:5)
  A howler monkey zombie (D:10)
  3 gnolls (D:6)
  2 adders
  2 white imps
  2 worms
  3 dart slugs
  41 orcs
  3 ball pythons
  6 endoplasms
  2 giant cockroaches
  6 hobgoblins
  7 jackals
  19 kobolds
  2 quokkas
  2 frilled lizards
  7 goblins
  A goblin zombie (D:4)
  2 rats
  A rat zombie (D:4)
  3 bushes (D:1)
217 creatures vanquished.

Vanquished Creatures (others)
  A sky beast (D:6)
  An orc wizard (D:7)
  An orc (D:12)
  2 fungi (D:10)
  4 plants (D:10)
9 creatures vanquished.

Grand Total: 226 creatures vanquished

Notes
Turn   | Place    | Note
-------+----------+-------------------------------------------
     0 | D:1      | kazpex the Troll Berserker began the quest for the Orb.
     0 | D:1      | Reached XP level 1. HP: 22/22 MP: 0/0
   213 | D:1      | Found Hefoledo's Magic Scroll Boutique.
   428 | D:1      | Reached XP level 2. HP: 29/29 MP: 1/1
   662 | D:1      | Bought a scroll of identify for 26 gold pieces
   951 | D:2      | Found a faded altar of an unknown god.
  1079 | D:2      | Reached XP level 3. HP: 36/36 MP: 2/2
  1663 | D:3      | Noticed an ice beast
  1669 | D:3      | Killed an ice beast
  1670 | D:3      | Reached skill level 4 in Unarmed Combat
  1670 | D:3      | Reached XP level 4. HP: 39/45 MP: 3/3
  1670 | D:3      | Reached XP level 5. HP: 46/53 MP: 4/4
  1743 | D:3      | Reached ** piety under Trog
  2404 | D:3      | Found a shimmering altar of Xom.
  2404 | D:3      | Found an ornate altar of the Wu Jian Council.
  2404 | D:3      | Found a snail-covered altar of Cheibriados.
  2482 | D:4      | Identified the +4 helmet of Crawling {rC- Str+3 Stlth+}
  2635 | D:1      | Bought a scroll of identify for 26 gold pieces
  3715 | D:4      | Found a sacrificial altar of Ru.
  3974 | D:5      | Entered Level 5 of the Dungeon
  4005 | D:5      | Noticed a wyvern
  4011 | D:5      | Killed a wyvern
  4012 | D:5      | Reached skill level 5 in Unarmed Combat
  4012 | D:5      | Reached XP level 6. HP: 61/61 MP: 5/5
  4056 | D:5      | Found Tutwuy's General Store.
  4067 | D:5      | Bought a potion of flight for 33 gold pieces
  4067 | D:5      | Bought a potion of curing for 33 gold pieces
  4071 | D:5      | Noticed an ice beast
  4153 | D:5      | Killed an ice beast
  4154 | D:5      | Reached skill level 6 in Unarmed Combat
  4154 | D:5      | Reached XP level 7. HP: 62/67 MP: 6/6
  4639 | D:5      | Reached XP level 8. HP: 78/78 MP: 7/7
  4885 | D:5      | Reached skill level 7 in Unarmed Combat
  4915 | D:5      | Reached skill level 5 in Dodging
  4995 | D:5      | Found an iron altar of Okawaru.
  5165 | D:5      | Found a staircase to the Ecumenical Temple.
  5169 | Temple   | Entered the Ecumenical Temple
  5391 | D:6      | Noticed Edmund
  5402 | D:6      | Reached skill level 1 in Throwing
  5418 | D:6      | Killed Edmund
  5423 | D:6      | Reached skill level 5 in Fighting
  5614 | D:6      | Noticed Blork the orc
  5623 | D:6      | Killed Blork the orc
  5887 | D:6      | Reached XP level 9. HP: 88/88 MP: 8/8
  5890 | D:6      | Reached *** piety under Trog
  6067 | D:7      | You fall into a shaft and drop 1 floor!
  6067 | D:8      | Noticed a manticore
  6085 | D:8      | Killed a manticore
  6086 | D:8      | Reached skill level 8 in Unarmed Combat
  7013 | D:7      | Noticed a troll
  7018 | D:7      | Killed a troll
  7848 | D:9      | Found Etedd's Weapon Emporium.
  7981 | D:9      | Reached XP level 10. HP: 94/100 MP: 9/9
  8158 | D:9      | Reached skill level 9 in Unarmed Combat
  8285 | D:9      | Noticed a boulder beetle
  8297 | D:9      | Killed a boulder beetle
  8298 | D:9      | Reached skill level 5 in Throwing
  8330 | D:9      | Found a stormy altar of Qazlal.
  8794 | D:10     | Entered Level 10 of the Dungeon
  8813 | D:10     | Found Xuenem's Assorted Antiques.
  8822 | D:10     | Bought a cloak for 148 gold pieces
  8916 | D:10     | Reached **** piety under Trog
  8948 | D:10     | Found a staircase to the Lair.
  9064 | D:10     | Noticed Fannar
  9077 | D:10     | Killed Fannar
  9668 | D:10     | Reached skill level 10 in Unarmed Combat
  9850 | D:10     | Found Quck's Assorted Antiques.
  9967 | D:10     | Reached XP level 11. HP: 80/109 MP: 10/10
 10482 | D:11     | Noticed a five-headed hydra
 10490 | D:11     | Killed a five-headed hydra
 10583 | D:11     | Noticed Sonja
 10586 | D:11     | Killed Sonja
 10610 | D:11     | Noticed Gastronok
 10628 | D:11     | Killed Gastronok
 10915 | D:12     | Noticed a soul eater
 11010 | D:12     | Found a runed translucent gate.
 11010 | D:12     | Found a runed translucent gate.
 11011 | D:12     | Found a runed translucent gate.
 11012 | D:12     | Noticed mfcas's ghost (journeyman DjCj)
 11052 | D:12     | Killed mfcas's ghost
 11066 | D:12     | Slain by a yak

Illustrated notes

Levels and vault maps discovered:
D:1:      dpeg_arrival_round_b, layout_loops_ring, serial_shops, shop,
          minmay_misc_feat_plants
D:2:      layout_basic, serial_forest, infiniplex_forest_corner_1,
          infiniplex_forest_zigzag_1, infiniplex_forest_straight_3,
          infiniplex_forest_zigzag_2, infiniplex_forest_clump_diagonal,
          infiniplex_forest_split, infiniplex_forest_clump_long,
          infiniplex_forest_lined_3_way, shapermc_ecumenical_altar_totnotflames,
          minmay_misc_feat_rows
D:3:      layout_basic, gammafunk_temple_overflow_claw
D:4:      layout_layer_cave, nicolae_ru_path_of_blood, enter_ossuary_4,
          kennysheep_generic_room_2
D:5:      layout_basic, okawaru_gym_becter, temple_hall_moat, serial_shops,
          nicolae_shop_stone
D:6:      layout_basic, uniq_edmund, uniq_blork_the_orc
D:7:      layout_basic
D:8:      layout_rooms, serial_corexii_hall, corexii_hall_statues_u,
          chequers_hall_statues_wall_a, corexii_hall_statues_i,
          corexii_hall_statues_s
D:9:      layout_loops_ring, lemuel_crystal_altar, serial_shops,
          nicolae_stop_n_shop_2, kennysheep_generic_room_8
D:10:     layout_layer_cave, minmay_lair_entry_grove, serial_shops,
          nicolae_shop_overgrown_old_shop, shop, kennysheep_crisscross,
          uniq_fannar
D:11:     layout_rooms, chequers_garden, uniq_sonja, uniq_gastronok
D:12:     layout_basic, orc_david_3, biasface_ghost_orc_armoury, uniq_nessos
Temple:   kb_temple_of_zot

Skill      XL: |  1  2  3  4  5  6  7  8  9 10 11 |
---------------+----------------------------------+-----
Fighting       | 3 4 5 6 7 8 |  8.3
Dodging        | 3 4 5 6 7 8 |  8.6
Unarmed Combat | 4 5 6 7 8 10 | 10.8
Throwing       | 2 4 6 7 |  7.4
Stealth        | |  0.9

Action                   |  1- 3 |  4- 6 |  7- 9 | 10-12 || total
-------------------------+-------+-------+-------+-------++-------
Melee: Unarmed           |   103 |   153 |   250 |   233 ||   739
       Punch             |     2 |     4 |     6 |    12 ||    24
       Mace              |       |       |       |     8 ||     8
Throw: Stone             |     8 |       |    42 |     3 ||    53
Invok: Berserk           |       |     2 |     6 |     8 ||    16
       Trog's Hand       |       |     1 |       |     1 ||     2
  Use: Scroll            |     5 |     1 |     6 |     4 ||    16
       Potion            |       |       |       |     1 ||     1
 Stab: Sleeping          |       |       |     1 |     1 ||     2
Armor: Animal skin       |    20 |    22 |    36 |       ||    78
       Steam dragon scal |       |       |     4 |    70 ||    74
Dodge: Dodged            |    51 |    89 |   163 |   134 ||   437

Table legend: (Time is in decaauts)
 A = Elapsed time spent in this place.
 B = Non-inter-level travel time spent in this place.
 C = Inter-level travel time spent in this place.
 D = Time resting spent in this place.
 E = Time spent auto-exploring this place.
 F = Levels seen in this place.
 G = Mean time per level.
                   A        B        C        D        E       F      G
               +--------+--------+--------+--------+--------+-----+--------+
         Total |  11150 |  11150 |      0 |   1413 |   5643 |  13 |  857.7 |
       Dungeon |  11044 |  11044 |      0 |   1413 |   5563 |  12 |  920.3 |
        Temple |    106 |    106 |      0 |      0 |     80 |   1 |  106.0 |
               +--------+--------+--------+--------+--------+-----+--------+

Top non-repeatable levels by time:
    D:10: 1635 daAuts
     D:5: 1246 daAuts
     D:4: 1151 daAuts
     D:1: 1008 daAuts
     D:8: 1004 daAuts
     D:9: 947 daAuts
     D:3: 922 daAuts
     D:2: 876 daAuts
     D:6: 817 daAuts
     D:7: 725 daAuts
    D:11: 515 daAuts
    D:12: 192 daAuts
  Temple: 106 daAuts
